[Event "Titled Tuesday Blitz November 01 Early 2022"]
[White "Jones, Gawain C B"]
[Black "Agasarov, Benik"]
[WhiteFideId "409561"]
[BlackFideId "13314823"]
[WhiteElo "2657"]
[BlackElo "2152"]
[Result "1/2-1/2"]
[Round "10"]
[TimeControl "180+1"]
[Date "2022.11.01"]
[WhiteClock "0:00:06"]
[BlackClock "0:00:08"]

1. e4 c5 2. Nf3 d6 3. Nc3 Nf6 4. e5 dxe5 5. Nxe5 a6 6. g3 Qd6 7. Nc4 Qc6 8. Rg1 Bg4 9. Be2 Bxe2 10. Qxe2 Nbd7 11. a4 e6 12. b3 Be7 13. Bb2 O-O 14. a5 b5 15. axb6 Nxb6 16. Nxb6 Qxb6 17. Kd1 Rfd8 18. Kc1 c4 19. Na4 Qa7 20. bxc4 Rab8 21. Be5 Rb4 22. c3 Rb3 23. Kc2 Qb7 24. Rgb1 Rxb1 25. Rxb1 Qc6 26. Nb2 Ne4 27. d3 Nc5 28. d4 Na4 29. c5 Nxb2 30. Rxb2 Qa4+ 31. Kc1 Qa1+ 32. Kc2 Qa4+ 33. Kb1 Bxc5 34. Bc7 Rd7 35. Qc2 Qxc2+ 36. Kxc2 Rxc7 37. dxc5 Kf8 38. Rb6 Rxc5 39. Rxa6 Ke7 40. Kb3 Rb5+ 41. Ka3 Rb1 42. Ra7+ Kf6 43. Rc7 Rf1 44. f4 Rh1 45. c4 Rxh2 46. c5 Rc2 47. Kb3 Rc1 48. Kb4 h5 49. Rd7 g5 50. fxg5+ Kxg5 51. Rxf7 e5 52. Kb5 Kg4 53. Rg7+ Kf3 54. c6 e4 55. Rg5 e3 56. Rf5+ Kxg3 57. Rg5+ Kf2 58. Rf5+ Ke1 59. Rxh5 e2 60. Kb6 Kf2 61. Rh2+ Kf3 62. Rh3+ Kf4 63. Rh4+ Kf5 64. Rh5+ Kf6 65. Rh6+ Kf7 66. Rh7+ Kg6 67. Re7 e1=Q 68. Rxe1 Rxe1 69. c7 Rb1+ 70. Kc6 Rc1+ 71. Kd7 Kf7 72. c8=Q Rxc8 73. Kxc8 1/2-1/2


[Site "https://www.chess.com"]

[Event "Titled Tuesday Blitz November 01 Early 2022"]
[White "Kanyamarala, Tarun"]
[Black "Vlassov, Nikolai"]
[WhiteFideId "45004714"]
[BlackFideId "4103360"]
[WhiteElo "2307"]
[BlackElo "2324"]
[Result "0-1"]
[Round "10"]
[TimeControl "180+1"]
[Date "2022.11.02"]
[WhiteClock "0:00:48"]
[BlackClock "0:00:26"]

1. d4 Nf6 2. Nc3 d5 3. Bf4 e6 4. Nb5 Na6 5. e3 c6 6. Nc3 Bb4 7. Bxa6 Bxc3+ 8. bxc3 bxa6 9. Ne2 O-O 10. O-O a5 11. Qd3 Qb6 12. Rfb1 Ba6 13. Qd2 Qd8 14. Ng3 Qe7 15. c4 Bxc4 16. Qxa5 h6 17. h3 Rfc8 18. c3 Ne8 19. Nf1 Bxf1 20. Kxf1 f6 21. Rb3 e5 22. Bg3 Nd6 23. Qb4 c5 24. dxc5 Ne4 25. c6 Qxb4 26. Rxb4 Rxc6 27. Bh2 Rxc3 28. f3 Nd2+ 29. Ke2 Rc2 30. Kd3 Rac8 31. Rd1 R8c3+ 32. Ke2 Nc4+ 33. Ke1 Nxe3 0-1


[Site "https://www.chess.com"]

[Event "Titled Tuesday Blitz November 01 Early 2022"]
[White "Kanyamarala, Trisha"]
[Black "Maximov, Dmitry"]
[WhiteFideId "45004722"]
[BlackFideId "14105659"]
[WhiteElo "2099"]
[BlackElo "2494"]
[Result "1/2-1/2"]
[Round "10"]
[TimeControl "180+1"]
[Date "2022.11.02"]
[WhiteClock "0:00:07"]
[BlackClock "0:00:05"]

1. c4 Nf6 2. Nc3 g6 3. g3 Bg7 4. Bg2 O-O 5. Nf3 d6 6. O-O e5 7. d3 Nh5 8. Rb1 f5 9. Bg5 Qd7 10. Qd2 Nc6 11. Bh6 Nd8 12. Bxg7 Nxg7 13. e4 f4 14. d4 Nf7 15. dxe5 dxe5 16. Nd5 Qd8 17. Qc3 c6 18. Nb4 Re8 19. c5 g5 20. h3 h5 21. Rfd1 Qe7 22. Bf1 fxg3 23. fxg3 g4 24. Nh4 gxh3 25. Qe3 Bg4 26. Rd2 Rad8 27. Rf2 Qe6 28. b3 Qh6 29. Qc3 Be6 30. Bc4 Ng5 31. Nf5 Nxf5 32. exf5 Ne4 33. Bxe6+ Rxe6 34. Qc4 h2+ 35. Kg2 Nxf2 36. fxe6 Kh8 37. e7 Re8 38. Qf7 Rxe7 39. Qxe7 Ng4 40. Qd8+ Kh7 41. Qd7+ Kh8 42. Re1 Qf6 43. Qd2 Qf5 44. Nd3 e4 45. Nf4 h4 46. gxh4 e3 47. Qd8+ Kg7 48. Qg5+ Qxg5 49. hxg5 Kf7 50. Kf3 Nf2 51. Kxe3 h1=Q 52. Rxh1 Nxh1 53. g6+ Kf6 54. g7 Kxg7 55. Ne6+ Kf6 56. Nd8 Ke5 57. Nxb7 Ng3 58. Nd8 Kd5 59. b4 Nf5+ 60. Kd3 Nd4 61. a4 Nb3 62. Kc3 Nc1 63. Nb7 Ne2+ 64. Kd3 Nf4+ 65. Kc3 Ne6 66. Kb3 Nd4+ 67. Kc3 Ne6 68. Kb3 Nd4+ 69. Kc3 Ne6 1/2-1/2


[Site "https://www.chess.com"]

[Event "Titled Tuesday Blitz November 01 Early 2022"]
[White "Korelskiy, Egor"]
[Black "Vovk, Orest"]
[WhiteFideId "34329064"]
[BlackFideId "14113490"]
[WhiteElo "2053"]
[BlackElo "2215"]
[Result "0-1"]
[Round "10"]
[TimeControl "180+1"]
[Date "2022.11.02"]
[WhiteClock "0:00:02"]
[BlackClock "0:00:05"]

1. e4 g5 2. d4 g4 3. Nc3 Bg7 4. Be3 h5 5. Nge2 d6 6. Qd2 c6 7. a4 Qa5 8. h3 Nd7 9. hxg4 hxg4 10. Rxh8 Bxh8 11. Nc1 Qh5 12. Nb3 g3 13. f3 a6 14. a5 b5 15. axb6 Nxb6 16. Na4 Nxa4 17. Rxa4 Nf6 18. Qc3 Bd7 19. Rxa6 Rxa6 20. Bxa6 Qh1+ 21. Bf1 c5 22. Qa5 Kf8 23. dxc5 dxc5 24. Bxc5 Bh3 25. Qd8+ Kg7 26. Qd2 Be6 27. Bxe7 Bc4 28. Bxf6+ Kh7 29. Qg5 Qxf1+ 30. Kd2 Qxg2+ 31. Kc3 Qxf3+ 32. Kxc4 Bxf6 33. Qd5 Bxb2 34. Nd2 Qc3+ 35. Kb5 Qe5 36. Nf3 Qb8+ 37. Kc4 Qf4 38. Ng5+ Kg6 39. Nh3 Qf1+ 40. Kb3 Qxh3 41. Kxb2 Qe6 42. Qd3 Qe5+ 43. c3 Kg5 44. Qe3+ Kg4 45. Qe2+ Kh3 46. Qf1+ Kh2 47. Qe2+ g2 48. Qf2 Qg5 49. Kb3 Kh1 50. Qf3 Qb5+ 51. Kc2 Qf1 52. Qh3+ Kg1 53. Kb3 Qb1+ 54. Kc4 Qxe4+ 55. Kb3 Qb1+ 56. Kc4 Qe1 57. Qg4 Kf1 58. Qf3+ Kg1 59. Qg4 Qf1+ 60. Kb3 f5 61. Qg5 f4 62. Qc5+ Qf2 63. Qg5 f3 64. Qc1+ Qf1 65. Qe3+ f2 66. Qg3 Qb1+ 67. Kc4 Qe1 68. Kb3 f1=Q 0-1


[Site "https://www.chess.com"]

[Event "Titled Tuesday Blitz November 01 Early 2022"]
[White "Laohawirapap, Prin"]
[Black "Bryakin, Mikhail"]
[WhiteFideId "6205003"]
[BlackFideId "4165314"]
[WhiteElo "2113"]
[BlackElo "2367"]
[Result "0-1"]
[Round "10"]
[TimeControl "180+1"]
[Date "2022.11.01"]
[WhiteClock "0:00:08"]
[BlackClock "0:00:14"]

1. d4 g6 2. Nc3 Bg7 3. Bf4 d6 4. e4 Nd7 5. Qd2 e5 6. dxe5 Nxe5 7. O-O-O Ne7 8. Be2 Be6 9. Nf3 Nc4 10. Bxc4 Bxc4 11. e5 dxe5 12. Qe3 Qc8 13. Bxe5 f6 14. Bf4 Qe6 15. Qc5 Qc6 16. Qa3 Kf7 17. Rhe1 Rhe8 18. Nd4 Qa6 19. Qxa6 Bxa6 20. Bxc7 Rac8 21. Ndb5 Nf5 22. Rxe8 Rxe8 23. g4 Bxb5 24. Nxb5 a6 25. gxf5 axb5 26. Rd7+ Re7 27. Rxe7+ Kxe7 28. fxg6 hxg6 29. c3 Kd7 30. Bb6 f5 31. Kc2 Kc6 32. Be3 Kd5 33. Kd3 Be5 34. h3 Bd6 35. f3 Be7 36. b3 Bf6 37. c4+ bxc4+ 38. bxc4+ Kc6 39. a4 Be5 40. Bd4 Bf4 41. Be3 Be5 42. Ke2 Bd6 43. Kf2 Be5 44. Kg2 Bd6 45. h4 Be5 46. Kh3 Bf6 47. Kg3 Be7 48. h5 gxh5 49. Kf4 h4 50. Kxf5 h3 51. Bg1 Bc5 52. Bh2 Bd6 53. f4 Kc5 54. Ke6 Bb8 55. Bg1+ Kxc4 56. f5 Ba7 57. Bh2 Bc5 58. Kd7 Kb4 59. Kc7 b6 60. f6 Kxa4 61. f7 Kb5 62. Bd6 Bxd6+ 63. Kxd6 h2 64. f8=Q h1=Q 65. Qf5+ Ka6 66. Qd3+ b5 67. Qd5 Qxd5+ 68. Kxd5 Ka5 69. Kd4 Kb4 70. Kd3 Kb3 71. Kd2 Kb2 72. Kd1 b4 73. Kd2 b3 74. Kd1 Ka2 75. Kd2 b2 76. Kd1 b1=Q+ 77. Kd2 Qb3 0-1


[Site "https://www.chess.com"]

[Event "Titled Tuesday Blitz November 01 Early 2022"]
[White "Lauridsen, Jesper Morch"]
[Black "Khamdamova, Afruza"]
[WhiteFideId "1401890"]
[BlackFideId "14210444"]
[WhiteElo "2278"]
[BlackElo "2018"]
[Result "1/2-1/2"]
[Round "10"]
[TimeControl "180+1"]
[Date "2022.11.02"]
[WhiteClock "0:00:25"]
[BlackClock "0:00:09"]

1. e4 e5 2. Nf3 Nf6 3. d4 Nxe4 4. dxe5 d5 5. Nbd2 Nc5 6. Nb3 Nc6 7. Bg5 Qd7 8. Bb5 Nxb3 9. axb3 Be7 10. Bxe7 Qxe7 11. Qxd5 O-O 12. Bxc6 bxc6 13. Qxc6 Bg4 14. Qe4 Bxf3 15. gxf3 f6 16. exf6 Qxf6 17. O-O-O Qxf3 18. Qxf3 Rxf3 19. Rd7 Rxf2 20. Rxc7 a5 21. Rg1 g6 22. Re1 Rxh2 23. Ree7 Kh8 24. Ra7 Rf8 25. Kb1 Rh5 26. Ka2 Rg8 27. c4 Rb8 28. c5 Rxc5 29. Rxh7+ Kg8 30. Rag7+ Kf8 31. Rxg6 Rcb5 32. Rh8+ Kf7 33. Rxb8 Rxb8 34. Rg5 Ke6 35. Rxa5 Kd6 36. Ka3 Kc6 37. b4 Kb6 38. Rg5 Ra8+ 39. Kb3 Rf8 40. Rg3 Rf6 41. Rg4 Rh6 42. Kc4 Rc6+ 43. Kd4 Kb5 44. Kd5 Rc2 45. Rg8 Kxb4 46. Rb8+ Ka4 47. b4 Rc1 48. b5 Ka5 49. b6 Ka6 50. Kd6 Rd1+ 51. Kc7 Rc1+ 52. Kd7 Rd1+ 53. Kc6 Rc1+ 54. Kd5 Rd1+ 55. Kc4 Rc1+ 56. Kd4 Rd1+ 57. Kc3 Rc1+ 58. Kb4 Rb1+ 59. Kc5 Rc1+ 60. Kb4 Rb1+ 61. Ka3 Rxb6 62. Rxb6+ Kxb6 1/2-1/2


[Site "https://www.chess.com"]

[Event "Titled Tuesday Blitz November 01 Early 2022"]
[White "Lawson, Eric"]
[Black "Balkum, Alexander"]
[WhiteFideId "2604116"]
[BlackFideId "2005069"]
[WhiteElo "2497"]
[BlackElo "2337"]
[Result "0-1"]
[Round "10"]
[TimeControl "180+1"]
[Date "2022.11.02"]
[WhiteClock "0:00:06"]
[BlackClock "0:00:05"]

1. e4 c5 2. Nc3 Nc6 3. f4 g6 4. Bc4 Bg7 5. f5 e6 6. fxe6 dxe6 7. d3 Nge7 8. Nf3 O-O 9. O-O Na5 10. Bb3 Nxb3 11. axb3 b6 12. Qe1 Nc6 13. Bg5 Qd7 14. Qh4 Nd4 15. Bf6 Bxf6 16. Qxf6 Nxc2 17. Ra4 Nb4 18. Qh4 Qd8 19. Ng5 Qd4+ 20. Kh1 Qg7 21. e5 Bb7 22. Nce4 h6 23. Nf6+ Kh8 24. d4 a5 25. dxc5 bxc5 26. Kg1 Bc6 27. Raa1 Nc2 28. Rac1 Nd4 29. Rxc5 Bb7 30. Rc7 Nf5 31. Rxf5 gxf5 32. Rxb7 Qxg5 33. Qc4 Rac8 34. h3 Rxc4 35. bxc4 Qc1+ 36. Kh2 Qf4+ 37. Kh1 Qxe5 38. Nd7 Qe1+ 39. Kh2 Rd8 40. c5 Qd1 41. c6 Qd6+ 42. Kh1 Qxc6 43. Nc5 Qxc5 44. Rxf7 Qc1+ 45. Kh2 Qf4+ 46. Kh1 Rd1# 0-1


[Site "https://www.chess.com"]

[Event "Titled Tuesday Blitz November 01 Early 2022"]
[White "Lazavik, Denis"]
[Black "Azarov, Sergei"]
[WhiteFideId "13515110"]
[BlackFideId "13501470"]
[WhiteElo "2437"]
[BlackElo "2494"]
[Result "1-0"]
[Round "10"]
[TimeControl "180+1"]
[Date "2022.11.01"]
[WhiteClock "0:00:39"]
[BlackClock "0:00:01"]

1. d4 Nf6 2. c4 e6 3. Nc3 Bb4 4. e3 O-O 5. Bd3 d5 6. cxd5 exd5 7. a3 Bd6 8. Qc2 c6 9. Nge2 a5 10. O-O Nbd7 11. Bd2 Re8 12. f3 Nf8 13. e4 dxe4 14. fxe4 c5 15. e5 cxd4 16. exf6 dxc3 17. fxg7 Ng6 18. Bxc3 Qh4 19. g3 Qh5 20. Bd4 Bg4 21. Nc3 Bc5 22. Qf2 Bxd4 23. Qxd4 Ne5 24. Be4 Kxg7 25. Nd5 Rad8 26. Qc3 f5 27. Bg2 Qf7 28. Ne3 Kg8 29. Rae1 Rd3 30. Qxa5 Qg7 31. Qb5 1-0


[Site "https://www.chess.com"]

[Event "Titled Tuesday Blitz November 01 Early 2022"]
[White "Le, Tuan Minh"]
[Black "Gokerkan, Cem Kaan"]
[WhiteFideId "12401153"]
[BlackFideId "6336760"]
[WhiteElo "2530"]
[BlackElo "2365"]
[Result "1-0"]
[Round "10"]
[TimeControl "180+1"]
[Date "2022.11.01"]
[WhiteClock "0:01:15"]
[BlackClock "0:00:07"]

1. d4 Nf6 2. Nf3 d5 3. Bf4 c5 4. c3 e6 5. e3 Bd6 6. Nbd2 Qc7 7. Bxd6 Qxd6 8. Ne5 Nfd7 9. f4 b6 10. Qh5 g6 11. Qh4 Qe7 12. Qh6 Qf8 13. Qh3 Ba6 14. Bxa6 Nxa6 15. O-O Nc7 16. Ndf3 f6 17. Nxd7 Kxd7 18. Rae1 Qd6 19. e4 dxe4 20. Rxe4 Rae8 21. Rfe1 Kc8 22. dxc5 Qxc5+ 23. Kh1 Kb8 24. Nd4 e5 25. fxe5 Rxe5 26. Rxe5 fxe5 27. Rxe5 Qc4 28. Qf3 Rd8 29. h3 Rd5 30. Re7 Rc5 31. a3 Qd5 32. Qf8+ Kb7 33. Rxh7 Qe4 34. Re7 Qb1+ 35. Kh2 Qc1 36. Qf3+ Ka6 37. Nb3 Rc4 38. Nxc1 1-0


[Site "https://www.chess.com"]

[Event "Titled Tuesday Blitz November 01 Early 2022"]
[White "Ljukin, Sergei"]
[Black "Migot, Tangi"]
[WhiteFideId "14102200"]
[BlackFideId "662445"]
[WhiteElo "2312"]
[BlackElo "2591"]
[Result "1-0"]
[Round "10"]
[TimeControl "180+1"]
[Date "2022.11.02"]
[WhiteClock "0:00:07"]
[BlackClock "0:00:18"]

1. e4 e6 2. d4 b6 3. Nf3 Bb7 4. Bd3 Nf6 5. Qe2 d5 6. e5 Ne4 7. Nbd2 Nxd2 8. Bxd2 c5 9. c3 a5 10. O-O Ba6 11. Bb5+ Bxb5 12. Qxb5+ Qd7 13. Qxb6 Be7 14. Qb3 O-O 15. Qc2 Nc6 16. Qd3 Rfb8 17. b3 a4 18. dxc5 axb3 19. axb3 Rxa1 20. Rxa1 Rxb3 21. Ra8+ Rb8 22. Rxb8+ Nxb8 23. Be3 Qa4 24. h3 Nd7 25. Qb1 Qc6 26. Nd4 Qxc5 27. Nf5 Qa3 28. Qb7 exf5 29. Qxd7 Bf8 30. Bd4 Qc1+ 31. Kh2 Qf4+ 32. g3 Qe4 33. Qe8 f4 34. Bc5 fxg3+ 35. Kxg3 Qg6+ 36. Kh2 h5 37. Qxf8+ Kh7 38. Qe7 Qf5 39. Qh4 Kh6 40. Be3+ g5 41. Qg3 Kg6 42. h4 g4 43. Qf4 Qc2 44. Qg5+ Kh7 45. Qxh5+ Kg8 46. Qxg4+ Kf8 47. Bd4 Ke8 48. Qg5 Kd7 49. Qf5+ Kc6 50. Qxc2 1-0


[Site "https://www.chess.com"]

[Event "Titled Tuesday Blitz November 01 Early 2022"]
[White "Luxama, Jacques Muller"]
[Black "Johnson, Ben"]
[WhiteFideId "11900113"]
[BlackFideId "2010917"]
[WhiteElo "1931"]
[BlackElo "2121"]
[Result "1-0"]
[Round "10"]
[TimeControl "180+1"]
[Date "2022.11.02"]
[WhiteClock "0:01:05"]
[BlackClock "0:00:27"]

1. d4 Nf6 2. c4 e6 3. Nc3 Bb4 4. e3 O-O 5. Bd3 d5 6. Ne2 b6 7. cxd5 exd5 8. Bd2 Re8 9. Rc1 a6 10. O-O Bb7 11. Ng3 Bf8 12. Qf3 c5 13. Rfd1 c4 14. Bxc4 dxc4 15. Qxb7 Nbd7 16. e4 h6 17. e5 Nh7 18. Qf3 b5 19. Nf5 Ng5 20. Qg4 Nb6 21. h4 b4 22. hxg5 h5 23. Qxh5 bxc3 24. bxc3 Nd5 25. g6 Qd7 26. Qh7# 1-0


[Site "https://www.chess.com"]

[Event "Titled Tuesday Blitz November 01 Early 2022"]
[White "Madaminov, Mukhiddin"]
[Black "Kodinets, Konstantin L."]
[WhiteFideId "14210703"]
[BlackFideId "4122011"]
[WhiteElo "2341"]
[BlackElo "2447"]
[Result "0-1"]
[Round "10"]
[TimeControl "180+1"]
[Date "2022.11.02"]
[WhiteClock "0:01:06"]
[BlackClock "0:01:09"]

1. d4 d6 2. Nc3 Nf6 3. e4 e5 4. dxe5 dxe5 5. Qxd8+ Kxd8 6. Bc4 Be6 7. Bxe6 fxe6 8. f3 Bb4 9. Ne2 Ke7 10. a3 Bd6 11. Nd1 Nc6 12. Be3 b5 13. Nc1 Nd4 14. Kd2 c5 15. c3 Nc6 16. Nd3 c4 17. Nb4 Na5 18. Kc2 Nb3 19. Rb1 a5 20. Na2 h6 21. Nf2 Bc5 22. Bxc5+ Nxc5 23. Rbd1 Rhd8 24. Nc1 g5 25. Ne2 h5 26. Ng3 h4 27. Ne2 g4 28. fxg4 Nfxe4 29. Nxe4 Nxe4 30. h3 Nf2 31. Rxd8 Rxd8 32. Rf1 Nd3 33. b3 Nc5 34. bxc4 bxc4 35. Re1 Rd3 36. Nc1 Rg3 37. Rxe5 Rxg2+ 38. Kd1 Kd6 39. Re2 Rg3 40. Kd2 Rxh3 0-1


[Site "https://www.chess.com"]

[Event "Titled Tuesday Blitz November 01 Early 2022"]
[White "Manon-og, Ramon Jr."]
[Black "Muminova, Nafisa"]
[WhiteFideId "5200776"]
[BlackFideId "14201526"]
[WhiteElo "2277"]
[BlackElo "2258"]
[Result "0-1"]
[Round "10"]
[TimeControl "180+1"]
[Date "2022.11.02"]
[WhiteClock "0:00:21"]
[BlackClock "0:00:38"]

1. e4 e6 2. d4 d5 3. Nd2 Nf6 4. e5 Nfd7 5. Ngf3 c5 6. c3 Nc6 7. Bb5 Qb6 8. Bxc6 bxc6 9. O-O Ba6 10. Re1 Be7 11. Nb3 O-O 12. Be3 cxd4 13. cxd4 c5 14. dxc5 Nxc5 15. Rc1 Rac8 16. Nxc5 Bxc5 17. Bxc5 Rxc5 18. Rxc5 Qxc5 19. Qa4 Qb5 20. Qd4 Qb7 21. h4 h6 22. h5 Rc8 23. b3 Rc2 24. Re3 Rxa2 25. Nh4 Qb5 26. Rg3 Qf1+ 27. Kh2 Ra1 28. Rg4 Rd1 29. Qxa7 Qg1+ 30. Kg3 Rd3+ 31. Nf3 Qf1 32. Qa8+ Kh7 33. Qf8 Rxf3+ 34. gxf3 Qg1+ 35. Kf4 Qc1+ 36. Kg3 Qg1+ 37. Kh3 Bf1+ 38. Kh4 Qh2# 0-1


[Site "https://www.chess.com"]

[Event "Titled Tuesday Blitz November 01 Early 2022"]
[White "Martinez Alcantara, Jose Eduardo"]
[Black "Gharibyan, Mamikon"]
[WhiteFideId "3805662"]
[BlackFideId "13308300"]
[WhiteElo "2703"]
[BlackElo "2378"]
[Result "0-1"]
[Round "10"]
[TimeControl "180+1"]
[Date "2022.11.01"]
[WhiteClock "0:00:18"]
[BlackClock "0:00:08"]

1. e4 g6 2. d4 Bg7 3. c3 d6 4. Bd3 Nf6 5. Nf3 O-O 6. O-O Nc6 7. h3 e5 8. Re1 h6 9. Nbd2 Nd7 10. Nb3 a5 11. a4 exd4 12. cxd4 Nb4 13. Bb1 c5 14. Bf4 Ra6 15. Bd3 Nxd3 16. Qxd3 cxd4 17. Nbxd4 Ne5 18. Qe3 Kh7 19. Bxe5 dxe5 20. Nb5 Qe7 21. Rad1 Be6 22. b3 Rc6 23. Rd3 Rfc8 24. Na7 Bf6 25. Nxc8 Rxc8 26. Qb6 Qb4 27. Qxb4 axb4 28. a5 Kg7 29. Ra1 Rc5 30. a6 bxa6 31. Rxa6 Rc1+ 32. Kh2 Rc2 33. Kg3 g5 34. Nd2 h5 35. f3 Be7 36. Rxe6 fxe6 37. Nc4 Bc5 38. h4 Kf6 39. hxg5+ Kxg5 40. Nxe5 h4+ 41. Kh2 Bf2 42. Nf7+ Kf4 43. Nd8 Bg3+ 44. Kh3 Ke5 45. Nf7+ Kf6 46. Nd8 Rc3 47. Rd7 Rxb3 48. Kg4 Re3 49. Rf7+ Ke5 50. Rb7 b3 51. Nf7+ Kd4 52. Ng5 e5 53. Nf7 Kc3 54. Nd6 b2 55. Nb5+ Kc2 56. Rc7+ Kd2 57. Rd7+ Ke2 58. Rb7 b1=Q 59. Nc3+ Rxc3 60. Rxb1 Rc2 61. Rb6 Kf2 62. Kh3 Rc1 63. Rb2+ Kg1 64. Rb3 Rc2 65. Rb1+ Kf2 66. Ra1 Ke3 67. Ra3+ Kf4 68. Ra8 Rc1 69. Rf8+ Ke3 70. Ra8 Rc2 71. Ra3+ Kf2 72. Ra1 Re2 73. Rb1 Re1 74. Rb2+ Ke3 75. Ra2 Re2 76. Ra3+ Kf4 77. Ra8 Re1 78. Rf8+ Ke3 79. Ra8 Rh1+ 80. Kg4 Kf2 81. Ra2+ Ke3 82. Ra4 Rh2 83. Ra3+ Kd4 84. Ra2 Bf4 85. Ra4+ Kc3 86. Ra2 h3 87. Ra3+ Kb2 88. gxh3 Rg2+ 89. Kf5 Kxa3 90. h4 Kb4 91. h5 Kc5 92. h6 Rh2 93. h7 Rxh7 94. Kg6 Rh3 95. Kf5 Rxf3 96. Kg4 Re3 97. Kf5 Kd4 98. Kg4 Kxe4 0-1


[Site "https://www.chess.com"]

[Event "Titled Tuesday Blitz November 01 Early 2022"]
[White "Martinez, Shawn"]
[Black "Rose, Felix"]
[WhiteFideId "2039770"]
[BlackFideId "5105722"]
[WhiteElo "2174"]
[BlackElo "2039"]
[Result "0-1"]
[Round "10"]
[TimeControl "180+1"]
[Date "2022.11.02"]
[WhiteClock "0:00:01"]
[BlackClock "0:01:20"]

1. e4 c5 2. Nc3 Nc6 3. Bb5 Nd4 4. Nf3 a6 5. Bd3 d6 6. h3 Nf6 7. O-O e6 8. Re1 Be7 9. b3 O-O 10. Bb2 b5 11. Nxd4 cxd4 12. Ne2 e5 13. c3 dxc3 14. dxc3 Bb7 15. Ng3 g6 16. c4 Qb6 17. Qd2 Rfe8 18. cxb5 axb5 19. a3 Bf8 20. Kh2 h5 21. b4 h4 22. Nf1 Kh7 23. Bc1 d5 24. exd5 e4 25. Bxe4 Nxe4 0-1


[Site "https://www.chess.com"]

[Event "Titled Tuesday Blitz November 01 Early 2022"]
[White "Melikhov, Evgeny V."]
[Black "Pap, Gyula"]
[WhiteFideId "4122046"]
[BlackFideId "725323"]
[WhiteElo "2169"]
[BlackElo "2519"]
[Result "0-1"]
[Round "10"]
[TimeControl "180+1"]
[Date "2022.11.02"]
[WhiteClock "0:00:01"]
[BlackClock "0:00:18"]

1. d4 e6 2. c4 Bb4+ 3. Nc3 c5 4. dxc5 Bxc3+ 5. bxc3 Nf6 6. Nf3 Qa5 7. Qb3 Na6 8. e3 Nxc5 9. Qb4 Qc7 10. Nd4 a6 11. Ba3 d6 12. Rb1 O-O 13. Qb6 Qe7 14. Be2 Nfe4 15. Rc1 e5 16. Nf3 Be6 17. O-O Rac8 18. Rfd1 Rc6 19. Qb4 Rfc8 20. Nd2 f5 21. f3 Nxd2 22. Rxd2 Qg5 23. Kf2 Qh4+ 24. Kg1 Qg5 25. Kf2 Rf8 26. Rcd1 Rd8 27. Qb1 Qe7 28. Bxc5 Rxc5 29. Qb6 Rc6 30. Qb4 b6 31. a4 a5 32. Qb5 Qc7 33. Kg1 Rc5 34. Qa6 Bc8 35. Qa8 Bb7 36. Qa7 Ra8 37. Qxa8+ Bxa8 38. Rxd6 Bc6 39. Rd8+ Kf7 40. f4 e4 41. Bh5+ g6 42. Rh8 Kg7 43. Rdd8 gxh5 44. Rhg8+ Kh6 45. Rdf8 Qd6 46. Rf7 Qg6 0-1


[Site "https://www.chess.com"]

[Event "Titled Tuesday Blitz November 01 Early 2022"]
[White "Mesa Cruz, Juan Carlos"]
[Black "Flis, Pawel"]
[WhiteFideId "6423400"]
[BlackFideId "1112864"]
[WhiteElo "2059"]
[BlackElo "1836"]
[Result "1-0"]
[Round "10"]
[TimeControl "180+1"]
[Date "2022.11.02"]
[WhiteClock "0:00:51"]
[BlackClock "0:00:03"]

1. e4 c5 2. Nf3 d6 3. d4 Nf6 4. Nc3 cxd4 5. Nxd4 a6 6. Bg5 e6 7. f4 h6 8. Bh4 Be7 9. Qf3 Qc7 10. O-O-O Nbd7 11. g4 g5 12. e5 dxe5 13. fxg5 exd4 14. gxf6 Bc5 15. Ne4 Ba7 16. Bg3 Qa5 17. Kb1 Ne5 18. Qb3 Qd5 19. Qxd5 exd5 20. Nd6+ Kf8 21. Nxc8 Rxc8 22. Bxe5 Kg8 23. Bxd4 Bb8 24. Bg2 Rd8 25. Rde1 Kh7 26. Bf1 Rhe8 27. Bd3+ Kg8 28. Re7 Bd6 29. Rhe1 Bxe7 30. fxe7 Rd7 31. Bf6 b5 32. h4 Rd6 33. g5 Re6 34. Rxe6 fxe6 35. Bg6 1-0


[Site "https://www.chess.com"]

[Event "Titled Tuesday Blitz November 01 Early 2022"]
[White "Mirzoev, Azer"]
[Black "Jean Louis, Marckens"]
[WhiteFideId "13400304"]
[BlackFideId "11900270"]
[WhiteElo "2525"]
[BlackElo "2030"]
[Result "1/2-1/2"]
[Round "10"]
[TimeControl "180+1"]
[Date "2022.11.02"]
[WhiteClock "0:00:34"]
[BlackClock "0:01:36"]

1. d4 e6 2. Nf3 d5 3. Bf4 Nf6 4. e3 Bd6 5. Bg3 O-O 6. c4 Ne4 7. Nc3 c6 8. Qc2 f5 9. Bd3 Na6 10. a3 Nc7 11. Bxd6 Qxd6 12. O-O Ne8 13. Ne5 N8f6 14. f4 Nd7 15. Nxe4 fxe4 16. Be2 Nxe5 17. fxe5 Qe7 18. Rxf8+ Kxf8 19. b4 Bd7 20. cxd5 exd5 21. Rf1+ Kg8 22. Qc1 Be6 23. Qe1 a5 24. h4 axb4 25. axb4 Ra3 26. Qg3 Qxb4 27. Qg5 Ra8 28. h5 Rf8 29. h6 Rxf1+ 30. Bxf1 Qf8 31. hxg7 Qxg7 32. Qd8+ Qf8 33. Qc7 Qf7 34. Qb8+ Kg7 35. Qd8 Qg6 36. Qc7+ Qf7 37. Qd6 Qd7 38. Qb8 Qc8 39. Qa7 Qd7 40. Qb8 Qf7 41. Qd8 Qg6 42. Qe7+ Qf7 43. Qg5+ Qg6 44. Qe7+ Qf7 45. Qg5+ Qg6 46. Qe7+ 1/2-1/2


[Site "https://www.chess.com"]

[Event "Titled Tuesday Blitz November 01 Early 2022"]
[White "Molina, Roberto Junio Brito"]
[Black "Tleptsok, Ruslan"]
[WhiteFideId "2109450"]
[BlackFideId "24104485"]
[WhiteElo "2388"]
[BlackElo "2130"]
[Result "1/2-1/2"]
[Round "10"]
[TimeControl "180+1"]
[Date "2022.11.01"]
[WhiteClock "0:00:54"]
[BlackClock "0:00:54"]

1. d4 Nf6 2. Nf3 c5 3. e3 cxd4 4. exd4 d5 5. Bd3 Nc6 6. c3 Bg4 7. Bf4 Nh5 8. Be3 Nf6 9. Nbd2 Qb6 10. Qb3 e6 11. Qxb6 axb6 12. Bb5 Nd7 13. Bf4 f6 14. O-O g5 15. Bg3 h5 16. h3 Bf5 17. Rfe1 Kf7 18. Nf1 h4 19. Bh2 g4 20. hxg4 Bxg4 21. N3d2 Bh6 22. Ne3 Bh5 23. c4 Nxd4 24. Bxd7 Rhd8 25. Bb5 dxc4 26. Bxc4 b5 27. Bf1 Bxe3 28. fxe3 Nc2 29. Nb3 Nxe1 30. Rxe1 Rxa2 31. Nd4 Rxb2 32. Nxb5 Rdd2 33. Nd6+ Kg6 34. Nc4 Re2 35. Bxe2 Rxe2 36. Rxe2 Bxe2 37. Nd2 e5 38. Kf2 Bd3 39. e4 b5 40. Ke3 Bc2 41. Nf3 Kh5 42. Ne1 Bb1 43. Nd3 Bxd3 44. Kxd3 Kg4 45. Kc3 h3 46. gxh3+ Kxh3 47. Bg1 Kg2 48. Bc5 Kf3 49. Be7 Kxe4 50. Bxf6 Kf5 51. Bxe5 Kxe5 52. Kb4 Kd4 53. Kxb5 1/2-1/2


[Site "https://www.chess.com"]

[Event "Titled Tuesday Blitz November 01 Early 2022"]
[White "Najdin, Danil"]
[Black "Kosakowski, Jakub"]
[WhiteFideId "4172426"]
[BlackFideId "1185080"]
[WhiteElo "2240"]
[BlackElo "2463"]
[Result "0-1"]
[Round "10"]
[TimeControl "180+1"]
[Date "2022.11.02"]
[WhiteClock "0:01:12"]
[BlackClock "0:02:13"]

1. e4 c5 2. Nf3 Nc6 3. d4 cxd4 4. Nxd4 Nf6 5. Nc3 e5 6. Ndb5 d6 7. Bg5 a6 8. Na3 b5 9. Nd5 Be7 10. Bxf6 Bxf6 11. c3 Bg5 12. Nc2 Rb8 13. a4 bxa4 14. Ncb4 Nxb4 15. cxb4 O-O 16. Rxa4 a5 17. h4 Bh6 18. g4 Bf4 19. bxa5 Rxb2 20. Nxf4 exf4 21. Qa1 Qf6 22. g5 Qc3+ 0-1


[Site "https://www.chess.com"]

[Event "Titled Tuesday Blitz November 01 Early 2022"]
[White "Nakamura, Hikaru"]
[Black "Dominguez Perez, Leinier"]
[WhiteFideId "2016192"]
[BlackFideId "3503240"]
[WhiteElo "2909"]
[BlackElo "2647"]
[Result "1-0"]
[Round "10"]
[TimeControl "180+1"]
[Date "2022.11.01"]
[WhiteClock "0:00:17"]
[BlackClock "0:00:07"]

1. e4 c5 2. Nf3 d6 3. c3 Nf6 4. Bd3 Bg4 5. Bc2 Nc6 6. d3 e6 7. Nbd2 d5 8. Qe2 Qc7 9. h3 Bh5 10. Nf1 Be7 11. Ng3 Bg6 12. Nh4 O-O-O 13. Nxg6 hxg6 14. O-O dxe4 15. dxe4 Nd7 16. Rd1 g5 17. Be3 Nde5 18. Rxd8+ Rxd8 19. Rd1 Rh8 20. Nf1 Ng6 21. Nd2 Nf4 22. Bxf4 Qxf4 23. Nc4 Qc7 24. e5 Rd8 25. Rxd8+ Qxd8 26. Be4 Qc7 27. g3 Nd8 28. a4 b6 29. Na3 Kb8 30. Bg2 Qd7 31. a5 Qc7 32. Qe4 Kc8 33. Nb5 Qb7 34. Qxb7+ Nxb7 35. Nxa7+ Kc7 36. Nb5+ Kb8 37. a6 1-0


[Site "https://www.chess.com"]